 Dungeon Crawl Stone Soup version 0.25-a0-399-gcf1075a (webtiles) character file.

Game seed: 8771696714762175624, levelgen mode: deterministic

155704 RDB the Fencer (level 17, -3/166 HPs)
             Began as a Minotaur Fighter on Jan 8, 2020.
             Was the Champion of Okawaru.
             Slain by an alligator (16 damage)
             ... on level 4 of the Swamp.
             The game lasted 01:49:30 (22908 turns).

RDB the Fencer (Minotaur Fighter)                  Turns: 22908, Time: 01:49:30

Health: -3/166     AC: 22    Str: 25    XL:     17   Next: 9%
Magic:  0/23       EV: 20    Int:  5    God:    Okawaru [******]
Gold:   3519       SH:  0    Dex: 21    Spells: 16/16 levels left

rFire    + . .     SeeInvis +   b - +0 great sword (flame)
rCold    + + +     Gourm    +   (shield currently unavailable)
rNeg     . . .     Faith    .   y - +4 scale mail of Zivocwo {MR+ Dex+7}
rPois    +         Spirit   +   w - +2 hat {SInv}
rElec    .         Reflect  .   v - scarf {Spirit}
rCorr    +         Harm     .   N - +2 pair of gloves
MR       ++...                  j - +2 pair of boots
Stlth    ..........             O - amulet of the gourmand
HPRegen  0.37/turn              W - ring of poison resistance
MPRegen  0.18/turn              X - ring of Discretion {rF+ rC+++ rCorr Str+3 Dex-2}

@: no status effects
A: retaliatory headbutt, horns 2
a: Heroism, Finesse, Renounce Religion


You were on level 4 of the Swamp.
You worshipped Okawaru.
Okawaru was exalted by your worship.
You were full.

You visited 6 branches of the dungeon, and saw 28 of its levels.
You also visited: Ossuary and Bailey.

You collected 3519 gold pieces.

Inventory:

Hand Weapons
 a - the +9 great sword of Mastery {speed, Int+3}
   (You found it on level 11 of the Dungeon)

   Attacks with this weapon are significantly faster.
   It affects your intelligence (+3).
 b - a +0 great sword of flaming (weapon)
 m - a +3 longbow of flaming
 s - a +5 demon blade of freezing
 G - a +2 antimagic long sword
 I - a +3 double sword of slicing
 M - a +2 longbow of freezing
 U - a +2 great sword of holy wrath
Missiles
 g - 380 arrows
Armour
 j - a +2 pair of boots (worn)
 v - a scarf of spirit shield (worn)
 w - a +2 hat of see invisible (worn)
 y - the +4 scale mail of Zivocwo (worn) {MR+ Dex+7}
   (You found it on level 2 of the Orcish Mines)

   It affects your dexterity (+7).
   It affects your resistance to hostile enchantments.
 N - a +2 pair of gloves (worn)
 Q - the +3 buckler "Yfyiseaj" {Str+4 Int+3 Dex-5}
   (You found it on level 6 of the Lair of Beasts)

   It affects your strength (+4).
   It affects your intelligence (+3).
   It affects your dexterity (-5).
Jewellery
 x - a +5 ring of strength
 D - the amulet "Ynufi" {Faith Int+4 SInv Stlth-}
   (You found it on level 12 of the Dungeon)

   [amulet of faith]

   It allows you to gain divine favour quickly.
   It affects your intelligence (+4).
   It lets you see invisible.
   It makes you less stealthy.
 O - an amulet of the gourmand (around neck)
 S - an uncursed ring of positive energy
 W - a ring of poison resistance (left hand)
 X - the ring of Discretion (right hand) {rF+ rC+++ rCorr Str+3 Dex-2}
   (You found it on level 6 of the Lair of Beasts)

   [ring of resist corrosion]

   It affects your strength (+3).
   It affects your dexterity (-2).
   It protects you from fire.
   It renders you almost immune to cold.
   It provides partial protection from all sources of acid and corrosion.
Wands
 c - a wand of clouds (2)
 i - a wand of paralysis (9)
 t - a wand of disintegration (10)
 z - a wand of polymorph (31)
 A - a wand of iceblast (19)
Scrolls
 e - 9 scrolls of remove curse
 h - 3 scrolls of fog
 k - 7 scrolls of teleportation
 l - a scroll of immolation {unknown}
 r - 3 scrolls of magic mapping
 C - a scroll of silence
 F - 2 scrolls of torment {unknown}
 J - 3 scrolls of enchant weapon
 K - a scroll of identify
 L - 4 scrolls of blinking
 R - a scroll of summoning {unknown}
 Z - 6 scrolls of enchant armour
Potions
 d - 5 potions of might
 n - 4 potions of curing
 o - 2 potions of magic
 p - a potion of flight
 q - 3 potions of invisibility
 u - 4 potions of haste
 B - a potion of berserk rage
 E - 6 potions of cancellation
 H - 6 potions of agility
 T - a potion of resistance
Miscellaneous
 P - a lamp of fire
 V - a phial of floods
 Y - a lightning rod (4/4)
Comestibles
 f - 43 rations


   Skills:
 - Level 18.4 Fighting
 - Level 20.1 Long Blades
 - Level 10.6 Bows
 + Level 13.6 Armour
 + Level 11.3 Dodging
 - Level 3.6 Shields
 - Level 9.8 Invocations
 + Level 8.3 Evocations


You had 16 spell levels left.
You didn't know any spells.
Your spell library contained the following spells:

 Spells                   Type           Power        Failure   Level  Hunger
 Beastly Appendage        Tmut           #.....       69%         1    ##.....
 Freeze                   Ice            #...         69%         1    ##.....
 Magic Dart               Conj           #...         69%         1    ##.....
 Sting                    Tmut/Pois      #...         69%         1    ##.....
 Poisonous Vapours        Pois/Air       #.....       83%         2    ###....
 Searing Ray              Conj           #.....       83%         2    ###....
 Sticks to Snakes         Tmut           #.......     83%         2    ###....
 Confusing Touch          Hex            #.......     96%         3    ####...
 Dazzling Flash           Conj/Hex       #.....       96%         3    ####...
 Gell's Gravitas          Tloc           #.........   96%         3    ####...
 Ignite Poison            Fire/Tmut/Pois #.......     96%         3    ####...
 Mephitic Cloud           Conj/Pois/Air  #.......     96%         3    ####...
 Ozocubu's Armour         Chrm/Ice       #.......     96%         3    ####...
 Recall                   Summ/Tloc      N/A          96%         3    ####...
 Spider Form              Tmut/Pois      #.........   96%         3    ####...
 Fulminant Prism          Conj/Hex       #.........   100%        4    #####..
 Hailstorm                Conj/Ice       #.......     100%        4    #####..
 Ice Form                 Ice/Tmut       #.......     100%        4    #####..
 Iskenderun's Mystic Bla  Conj/Tloc      #.......     100%        4    #####..
 Olgreb's Toxic Radiance  Pois           #.......     100%        4    #####..
 Petrify                  Tmut/Erth      #.......     100%        4    #####..
 Summon Ice Beast         Ice/Summ       #.......     100%        4    #####..
 Aura of Abjuration       Summ           #.........   100%        5    ######.
 Blade Hands              Tmut           #.........   100%        5    ######.
 Irradiate                Conj/Tmut      #.........   100%        5    ######.
 Metabolic Englaciation   Hex/Ice        #.........   100%        5    ######.
 Summon Demon             Summ           #.........   100%        5    ######.
 Summon Forest            Summ/Tloc      #.........   100%        5    ######.
 Summon Mana Viper        Hex/Summ       #.......     100%        5    ######.
 Yara's Violent Unravell  Hex/Tmut       #.........   100%        5    ######.
 Hydra Form               Tmut           #.........   100%        6    #######
 Shadow Creatures         Summ           N/A          100%        6    #######
 Statue Form              Tmut/Erth      #........    100%        6    #######
 Dragon Form              Tmut           #.........   100%        7    #######


Dungeon Overview and Level Annotations

Branches:
Dungeon (14/15)            Temple (1/1) D:4            Lair (6/6) D:9
  Swamp (4/4) Lair:4        Snake (1/4) Lair:2        Slime (0/5) Lair:5
    Orc (2/2) D:9             Elf (0/3) Orc:2        Vaults (0/5) D:13
Ossuary (visited)          Bailey (visited)

Altars:
Ashenzari
Cheibriados
Dithmenos
Elyvilon
Fedhas
Gozag
Hepliaklqana
Kikubaaqudgha
Makhleb
Nemelex Xobeh
Okawaru
Qazlal
Ru
Sif Muna
Trog
Uskayaw
Vehumet
Wu Jian
Xom
Yredelemnul
Zin
The Shining One
Beogh

Shops:
Orc:2 *(:%

Annotations:
Lair:3 exclusion: 2 oklob plants


Innate Abilities, Weirdness & Mutations

You reflexively headbutt those who attack you in melee.
You have a pair of horns on your head.


Message History

The alligator bites you but does no damage.
The alligator tail-slaps you but does no damage.
You hit the alligator. You burn the alligator. You headbutt the alligator.
The alligator is moderately wounded.
The alligator misses you.
The alligator tail-slaps you but does no damage.
You slash the alligator! You burn the alligator.
The alligator is heavily wounded.
The alligator closely misses you. x2
You slice the alligator!! You burn the alligator!
The alligator is almost dead.
You closely miss the alligator. You headbutt the alligator.
The alligator is almost dead.
The alligator bites you.
* * * LOW HITPOINT WARNING * * *
The alligator misses you.
You hit the alligator but do no damage. Your headbutt misses the alligator.
The alligator is almost dead.
The alligator bites you!!
You die...

♣.(≈.≈.§.≈.....
♣≈....♣≈..≈.....≈...≈..≈
♣....♣(≈...≈≈.≈≈..≈≈....
♣♣.....≈...≈.....≈≈≈..≈.
♣≈.≈..≈...≈....≈≈.......
♣≈.≈..≈..≈≈..≈§..≈≈.....
♣.≈....§.≈≈.......≈≈≈≈≈
♣♣≈....@..≈≈...≈§≈≈≈.≈..
♣......t..≈..≈.≈.≈≈.....
♣♣≈≈≈.≈≈.≈...§...≈...≈.≈
♣♣.≈.≈..≈..≈.≈.≈.≈..≈≈≈≈
♣.≈≈≈≈..........≈.≈≈....
♣.....≈.§.≈.....≈.....≈.
♣♣...≈...≈..≈...≈≈≈≈...≈
♣♣...≈...≈..≈≈.≈≈...≈§§§
♣[.≈...≈≈≈.....≈≈.≈≈.§§§


You could see an alligator.

Vanquished Creatures
  A tentacled monstrosity (Swamp:3)
  Jorgrun (Orc:2)
  Frances (D:12)
  2 thorn hunters (Swamp:4)
  Kirke (D:14)
  An orc warlord (Orc:2)
  The ghost of Kibbam the Fighter, a journeyman VSNe of Makhleb (Swamp:2)
  Nessos (Lair:5)
  Azrael (D:14)
  An ettin (Orc:2)
  Erolcha (D:11)
  A great orb of eyes (D:14)
  8 vault guards (D:13)
  A naga warrior (Snake:1)
  11 hydras
  2 catoblepae
  2 ghost crabs
  An anaconda (Snake:1)
  2 shambling mangroves
  11 alligators
  8 two-headed ogres
  8 death yaks
  6 orc high priests
  3 naga sharpshooters (Snake:1)
  A spriggan berserker (Swamp:4)
  A shock serpent (Snake:1)
  6 swamp dragons
  A spriggan druid (Swamp:3)
  3 naga ritualists (Snake:1)
  6 wizards (D:11)
  6 orc knights
  3 mana vipers (Snake:1)
  4 cyclopes
  13 ugly things
  5 orc sorcerers
  17 elephants
  14 black mambas
  2 centaur zombies
  2 naga magi (Snake:1)
  25 spiny frogs
  9 komodo dragons
  A rime drake (Lair:4)
  A komodo dragon (shapeshifter) (D:14)
  4 kobold demonologists
  A jumping spider (shapeshifter) (D:13)
  A polar bear (Lair:5)
  7 trolls
  15 tyrant leeches
  4 hippogriffs
  6 hornets
  11 bog bodies
  A dream sheep (Lair:3)
  33 blink frogs
  20 slime creatures
  3 shadows
  11 spriggans
  6 wyverns
  2 wraiths
  A water elemental (D:14)
  A vampire (D:14)
  22 yaks
  A human (D:8)
  4 hogs
  3 basilisks
  6 fire elementals (D:14)
  A steam dragon (D:9)
  13 vampire mosquitoes
  5 hungry ghosts
  An acid dragon (D:11)
  11 insubstantial wisps
  10 swamp worms
  A warg (Orc:2)
  9 nagas
  18 water moccasins
  2 hell hounds (D:14)
  16 porcupines
  57 orc warriors
  5 ice beasts
  9 swamp drakes
  2 sky beasts
  2 black bears
  4 necrophages
  An eye of draining (D:12)
  4 phantoms
  11 crocodiles
  19 ogres
  10 wolves
  5 centaurs
  9 big kobolds
  28 bullfrogs
  A wyvern zombie (D:12)
  6 scorpions
  4 wights (D:11)
  5 howler monkeys
  An electric eel (Lair:4)
  2 bullfrog zombies
  8 hounds
  2 quasits
  7 crimson imps
  A human zombie (Ossuary)
  2 jellies
  3 centaur skeletons
  29 orc priests
  7 bullfrog skeletons
  8 iguanas
  7 worker ants
  24 orc wizards
  2 big kobold zombies (Ossuary)
  2 mummies (Ossuary)
  A hound skeleton (D:7)
  A howler monkey zombie (D:8)
  A worker ant zombie (D:6)
  8 gnolls
  14 adders
  A river rat (Lair:5)
  2 shadow imps
  An ooze (D:2)
  An adder zombie (D:7)
  An adder skeleton (D:6)
  2 worms
  11 leopard geckos
  124 orcs
  10 giant cockroaches
  4 gnoll zombies (Ossuary)
  9 goblins
  4 hobgoblins
  19 jackals
  9 quokkas
  2 ball pythons
  5 bats
  3 frilled lizards
  5 goblin zombies (Ossuary)
  A hobgoblin zombie (Ossuary)
  A jackal zombie (D:6)
  39 kobolds
  An orc zombie (Ossuary)
  2 rats (D:2)
  2 briar patches (Swamp:4)
  A fungus (Swamp:1)
  A plant (Lair:5)
1019 creatures vanquished.

Vanquished Creatures (collateral kills)
  A kobold demonologist (D:12)
  A big kobold (D:12)
  2 kobolds (D:12)
4 creatures vanquished.

Vanquished Creatures (others)
  A hog (D:14)
  A water elemental (D:14)
  An insubstantial wisp (Swamp:4)
  A wyvern zombie (D:14)
  An electric eel (D:14)
  A quokka (D:12)
  3 briar patches (Swamp:4)
  15 fungi
  41 plants
65 creatures vanquished.

Grand Total: 1088 creatures vanquished

Notes
Turn   | Place    | Note
-------+----------+-------------------------------------------
     0 | D:1      | RDB the Minotaur Fighter began the quest for the Orb.
     0 | D:1      | Reached XP level 1. HP: 19/19 MP: 0/0
   157 | D:1      | Reached skill level 3 in Long Blades
   177 | D:1      | Reached XP level 2. HP: 27/27 MP: 1/1
   362 | D:1      | You fall into a shaft and drop 1 floor!
   362 | D:2      | Found a blossoming altar of Fedhas.
   408 | D:2      | Reached XP level 3. HP: 30/33 MP: 2/2
   440 | D:2      | Found a shattered altar of Ashenzari.
   443 | D:2      | Found an opulent altar of Gozag.
   483 | D:2      | Reached skill level 4 in Long Blades
   966 | D:3      | Reached XP level 4. HP: 40/41 MP: 3/3
  1009 | D:3      | Reached skill level 5 in Long Blades
  1244 | D:3      | Reached XP level 5. HP: 47/47 MP: 4/4
  1379 | D:3      | Reached skill level 5 in Fighting
  1649 | D:3      | Found an ornate altar of the Wu Jian Council.
  1779 | D:4      | Found a bloodstained altar of Trog.
  1792 | D:4      | Reached skill level 6 in Long Blades
  1838 | D:4      | Found a staircase to the Ecumenical Temple.
  1887 | Temple   | Entered the Ecumenical Temple
  2114 | D:4      | Reached XP level 6. HP: 49/56 MP: 5/5
  2255 | D:4      | Reached skill level 7 in Long Blades
  2323 | Temple   | Became a worshipper of Warmaster Okawaru
  2566 | D:5      | Entered Level 5 of the Dungeon
  2611 | D:5      | Found a sand-covered staircase.
  2629 | Ossuary  | Entered an ossuary
  2648 | Ossuary  | Reached XP level 7. HP: 50/63 MP: 6/6
  2733 | Ossuary  | Reached skill level 8 in Long Blades
  2989 | D:5      | Reached * piety under Okawaru
  2989 | D:5      | Reached skill level 9 in Long Blades
  3110 | D:5      | Reached XP level 8. HP: 8/73 MP: 7/7
  3489 | D:6      | Reached skill level 10 in Long Blades
  3666 | D:6      | Reached ** piety under Okawaru
  3980 | D:6      | Reached skill level 11 in Long Blades
  4129 | D:6      | Found a glowing silver altar of Zin.
  4251 | D:7      | Reached XP level 9. HP: 76/83 MP: 8/8
  4334 | D:7      | Reached *** piety under Okawaru
  4445 | D:7      | Reached skill level 12 in Long Blades
  4535 | D:7      | Reached skill level 10 in Fighting
  4577 | D:7      | Reached skill level 1 in Dodging
  4959 | D:8      | Found a sacrificial altar of Ru.
  5065 | D:8      | Paralysed by a hornet for 1 turns
  5069 | D:8      | Reached skill level 5 in Armour
  5112 | D:8      | Reached **** piety under Okawaru
  5184 | D:8      | Reached XP level 10. HP: 74/93 MP: 3/9
  5308 | D:8      | Noticed a two-headed ogre
  5319 | D:8      | Killed a two-headed ogre
  5319 | D:8      | Reached skill level 13 in Long Blades
  5319 | D:8      | Reached skill level 5 in Dodging
  5337 | D:8      | Received a gift from Okawaru
  5349 | D:8      | Noticed a two-headed ogre
  5365 | D:8      | Killed a two-headed ogre
  5822 | D:8      | Reached ***** piety under Okawaru
  6184 | D:9      | Found a staircase to the Lair.
  6185 | D:9      | Found a staircase to the Orcish Mines.
  6206 | D:9      | Reached XP level 11. HP: 49/99 MP: 3/10
  6360 | D:9      | Noticed a two-headed ogre
  6371 | D:9      | Killed a two-headed ogre
  6371 | D:9      | Reached skill level 14 in Long Blades
  6406 | D:9      | Received a gift from Okawaru
  6524 | Lair:1   | Entered Level 1 of the Lair of Beasts
  7196 | Lair:2   | Reached skill level 10 in Armour
  7489 | Lair:2   | Found a staircase to the Snake Pit.
  7550 | Lair:2   | Noticed a four-headed hydra
  7664 | D:10     | Entered Level 10 of the Dungeon
  7672 | D:10     | Reached skill level 15 in Long Blades
  8446 | D:11     | Reached skill level 1 in Invocations
  8457 | D:11     | Got a smoking great sword
  8463 | D:11     | Identified the +9 great sword of Mastery {speed, Int+3}
                  | (You found it on level 11 of the Dungeon)
  8585 | D:11     | Noticed a cyan ugly thing
  8586 | D:11     | Noticed a white ugly thing
  8590 | D:11     | Killed a cyan ugly thing
  8590 | D:11     | Reached ****** piety under Okawaru
  8593 | D:11     | Killed a white ugly thing
  8642 | D:11     | Reached XP level 12. HP: 103/106 MP: 13/13
  8663 | D:11     | Received a gift from Okawaru
  8666 | D:11     | Got an ichor-stained robe {god gift}
  8926 | D:11     | Noticed Erolcha
  8935 | D:11     | Killed Erolcha
  8978 | D:11     | Reached skill level 5 in Invocations
  9207 | D:11     | Reached skill level 16 in Long Blades
  9245 | D:11     | Found the +3 warlock's mirror {reflect}
  9523 | D:12     | Noticed Frances
  9545 | D:12     | Killed Frances
  9545 | D:12     | Received a gift from Okawaru
  9640 | D:12     | Noticed a two-headed ogre
  9654 | D:12     | Killed a two-headed ogre
  9654 | D:12     | Reached skill level 17 in Long Blades
  9696 | D:12     | Got a transparent steel amulet
  9697 | D:12     | Identified the amulet "Ynufi" {Faith Int+4 SInv Stlth-}
                  | (You found it on level 12 of the Dungeon)
  9727 | D:12     | Reached XP level 13. HP: 66/113 MP: 7/18
 10142 | D:13     | Found a gate to the Vaults.
 10463 | D:13     | Reached skill level 18 in Long Blades
 10564 | D:13     | Received a gift from Okawaru
 10601 | D:13     | You fall into a shaft and drop 1 floor!
 10705 | D:14     | Noticed Azrael
 11245 | D:14     | Found a flagged portal.
 11255 | Bailey   | Entered a bailey
 11544 | D:14     | Received a gift from Okawaru
 11588 | D:14     | Noticed Kirke
 11647 | D:14     | Killed Kirke
 11647 | D:14     | Reached XP level 14. HP: 90/125 MP: 14/20
 11830 | D:14     | Killed Azrael
 12125 | Lair:2   | You fall into a shaft and drop 2 floors!
 12157 | Lair:4   | Found a snail-covered altar of Cheibriados.
 12289 | Lair:4   | Found a staircase to the Swamp.
 12452 | Lair:4   | Received a gift from Okawaru
 12455 | Lair:4   | Got a dazzling hunting sling {god gift}
 13110 | Lair:3   | Reached skill level 19 in Long Blades
 14293 | Lair:2   | Identified the +3 hunting sling of Xumpuf {freeze, rPois
                  | Str-5 SInv} (Okawaru gifted it to you on level 4 of the
                  | Lair of Beasts)
 14350 | Lair:2   | Reached skill level 15 in Fighting
 14743 | Lair:2   | Received a gift from Okawaru
 14910 | Lair:5   | Noticed Nessos
 14923 | Lair:5   | Killed Nessos
 15410 | Lair:5   | Found a staircase to the Slime Pits.
 15583 | Lair:5   | Reached skill level 20 in Long Blades
 15640 | Lair:5   | Received a gift from Okawaru
 15920 | Lair:6   | Entered Level 6 of the Lair of Beasts
 16081 | Lair:6   | Reached XP level 15. HP: 131/145 MP: 19/21
 16330 | Lair:6   | Got a scorched buckler
 16451 | Lair:6   | Received a gift from Okawaru
 16466 | Lair:6   | Reached skill level 10 in Dodging
 16597 | Lair:6   | Got a flickering platinum ring
 17027 | Snake:1  | Entered Level 1 of the Snake Pit
 17234 | Snake:1  | Reached skill level 1 in Evocations
 17355 | Snake:1  | Reached skill level 1 in Bows
 17402 | Orc:1    | Entered Level 1 of the Orcish Mines
 17881 | Orc:1    | Found a burning altar of Makhleb.
 18144 | Orc:2    | Entered Level 2 of the Orcish Mines
 18216 | Orc:2    | Noticed Jorgrun
 18242 | Orc:2    | Killed Jorgrun
 18242 | Orc:2    | Received a gift from Okawaru
 18254 | Orc:2    | Identified the +3 buckler "Yfyiseaj" {Str+4 Int+3 Dex-5}
                  | (You found it on level 6 of the Lair of Beasts)
 18524 | Orc:2    | Reached XP level 16. HP: 151/159 MP: 22/22
 18609 | Orc:2    | Reached skill level 5 in Bows
 18677 | Orc:2    | Found a staircase to the Elven Halls.
 18726 | Orc:2    | Got a smelly scale mail
 18737 | Orc:2    | Identified the +4 scale mail of Zivocwo {MR+ Dex+7} (You
                  | found it on level 2 of the Orcish Mines)
 18805 | Orc:2    | Found Vipt's Book Emporium.
 18819 | Orc:2    | Reached skill level 5 in Evocations
 18867 | Orc:2    | Found a roughly hewn altar of Beogh.
 18975 | Orc:2    | Found Goahuone's Food Shop.
 19168 | Orc:2    | Received a gift from Okawaru
 19246 | Orc:2    | Found a roughly hewn altar of Beogh.
 19326 | Orc:2    | Found Venas's General Store.
 19345 | Orc:2    | Found Firath's Antique Weapon Shop.
 19851 | Swamp:1  | Entered Level 1 of the Swamp
 20456 | Swamp:1  | Received a gift from Okawaru
 20776 | Swamp:1  | Identified the ring of Discretion {rF+ rC+++ rCorr Str+3
                  | Dex-2} (You found it on level 6 of the Lair of Beasts)
 21231 | Swamp:2  | Found a large runed translucent door.
 21232 | Swamp:2  | Found a large runed translucent door.
 21244 | Swamp:2  | Noticed Kibbam's ghost (journeyman VSNe)
 21261 | Swamp:2  | Killed Kibbam's ghost
 21710 | Swamp:3  | Reached skill level 10 in Bows
 21762 | Swamp:3  | Noticed a tentacled monstrosity
 21775 | Swamp:3  | Killed a tentacled monstrosity
 21814 | Swamp:3  | Received a gift from Okawaru
 22234 | Swamp:4  | Entered Level 4 of the Swamp
 22298 | Swamp:4  | Noticed a thorn hunter
 22792 | Swamp:4  | Noticed a thorn hunter
 22809 | Swamp:4  | Killed a thorn hunter
 22809 | Swamp:4  | Reached XP level 17. HP: 98/166 MP: 12/23
 22876 | Swamp:4  | HP: 6/166 [swamp dragon (10)]
 22908 | Swamp:4  | Slain by an alligator

Levels and vault maps discovered:
D:1:      moated_graveyard_arrival, layout_loops_ring, minmay_tromino_i2
D:2:      layout_basic, fedhas_altar_1,
          chequers_temple_overflow_statue_of_worship, first_ration
D:3:      layout_basic, lemuel_round_altar
D:4:      layout_loops_ring, minmay_temple_entry_wispy, minmay_crystal_room,
          bloody_trog
D:5:      layout_loops_ring, lightli_ossuary_entry_decrepit_ruins
D:6:      kennysheep_windowed_halls, layout_basic, kennysheep_mini_moat
D:7:      layout_loops_ring
D:8:      layout_basic, lemuel_doored_altar, special_room [special_room_orc],
          grunt_livestock
D:9:      layout_roguey, minmay_lair_entry_grove
D:10:     layout_irregular_city
D:11:     minmay_smoke_and_mirrors, layout_long_grid, uniq_erolcha
D:12:     layout_rooms, uniq_frances
D:13:     layout_roguey, erik_vaults_2
D:14:     layout_basic, enter_bailey_3, uniq_azrael, uniq_kirke
Temple:   regret_index_temple_sphere_string
Lair:1:   layout_hall_layers
Lair:2:   kb_forest_paths, layout_layer_cave, guppyfry_snake_entry_island
Lair:3:   beast_lair_carwin_large_2, layout_regular_city,
          minmay_lair_oklob_chamber, lemuel_fruit_tree, grunt_megastairs_3
Lair:4:   layout_small_grid, swamp_mist_pool, basic_altar, columned_hall_lemuel
Lair:5:   layout_gridlike, slime_dummy, pond, uniq_nessos
Lair:6:   minmay_lair_end_frog_pond, layout_long_grid
Swamp:1:  layout_basic_swamp, nicolae_swamp_fairy_circle,
          infiniplex_staircase_pool
Swamp:2:  layout_basic_swamp, ebering_ghost_disaster_area,
          nicolae_swamp_round_clearing
Swamp:3:  layout_basic_swamp, evilmike_swamp_ruin_house_3
Swamp:4:  swamp_basic_johnstein, layout_basic_swamp
Snake:1:  layout_chambers
Orc:1:    nicolae_orc_accident_3, layout_caves, bloody_makhleb
Orc:2:    pubby_orc_utopia, serial_shops, uniq_jorgrun

Skill      XL: |  1  2  3  4  5  6  7  8  9 10 11 12 13 14 15 16 |
---------------+-------------------------------------------------+-----
Long Blades    | 3 4 5 6 7 9 11 12 13 15 17 18 20 | 20.1
Fighting       | 4 5 6 7 9 10 11 16 18 | 18.4
Armour         | 5 8 10 11 13 | 13.6
Dodging        | 3 6 9 10 11 | 11.3
Invocations    | 3 8 9 |  9.8
Evocations     | 4 8 |  8.3
Bows           | 4 10 | 10.6
Shields        | |  3.6

Action                   |  1- 3 |  4- 6 |  7- 9 | 10-12 | 13-15 | 16-18 || total
-------------------------+-------+-------+-------+-------+-------+-------++-------
Melee: Long sword        |   103 |   111 |   395 |   489 |       |       ||  1098
       Headbutt          |    14 |    24 |    77 |   149 |   308 |   184 ||   756
       Great sword       |       |       |       |   173 |  1059 |   420 ||  1652
       Scimitar          |       |       |       |       |    20 |       ||    20
       Punch             |       |       |       |       |     1 |       ||     1
       Demon blade       |       |       |       |       |       |   109 ||   109
Invok: Heroism           |       |       |     1 |     7 |     6 |     4 ||    18
       Finesse           |       |       |       |       |       |     1 ||     1
Evoke: Wand              |       |     2 |     7 |    18 |     5 |     6 ||    38
       Lamp of fire      |       |       |       |     2 |       |       ||     2
       Sack of spiders   |       |       |       |       |     1 |       ||     1
  Use: Potion            |       |       |     1 |     2 |     4 |     6 ||    13
       Scroll            |       |       |     4 |     5 |    15 |     8 ||    32
  Eat: Chunk             |       |     6 |    10 |    16 |    20 |    14 ||    66
       Ration            |       |       |       |     1 |     2 |     2 ||     5
Armor: Scale mail        |    55 |    43 |    69 |       |       |   142 ||   309
       Chain mail        |       |       |    72 |    72 |       |       ||   144
       Plate armour      |       |       |       |   156 |   316 |     4 ||   476
Dodge: Dodged            |    43 |    19 |    78 |   183 |   460 |   326 ||  1109
Block: Shield            |    38 |    40 |   148 |   158 |       |       ||   384
       Buckler           |       |       |       |       |       |    22 ||    22
       Rpst.: Long sword |     7 |     4 |    19 |    24 |       |       ||    54
       Great sword       |       |       |       |    12 |   110 |    51 ||   173
       Scimitar          |       |       |       |       |     2 |       ||     2
       Demon blade       |       |       |       |       |       |     9 ||     9

Table legend:
 A = Non-vault XP
 B = Vault XP
 C = Vault XP percentage of total XP
 D = Non-vault monster count
 E = Vault monster count
 F = Vault count percentage of total count
                 A         B        C        D         E       F
            +---------+---------+-------+---------+---------+-------
      Total |  137854 |   84581 |  38.0 |     656 |     363 |  35.6
            +---------+---------+-------+---------+---------+-------
        D:1 |      27 |       0 |   0.0 |       8 |       0 |   0.0
        D:2 |      63 |       0 |   0.0 |      31 |       0 |   0.0
        D:3 |     125 |       0 |   0.0 |      18 |       0 |   0.0
        D:4 |     384 |       0 |   0.0 |      12 |       0 |   0.0
        D:5 |     956 |       0 |   0.0 |      18 |       0 |   0.0
        D:6 |     553 |     279 |  33.5 |      19 |      10 |  34.5
        D:7 |    1709 |       0 |   0.0 |      32 |       0 |   0.0
        D:8 |    3091 |    1250 |  28.8 |      29 |      32 |  52.5
        D:9 |    2088 |    1999 |  48.9 |      26 |      13 |  33.3
       D:10 |     541 |       0 |   0.0 |       6 |       0 |   0.0
       D:11 |    6617 |    5148 |  43.8 |      38 |       7 |  15.6
       D:12 |    7257 |    2295 |  24.0 |      44 |       1 |   2.2
       D:13 |    3451 |    7897 |  69.6 |      27 |       8 |  22.9
       D:14 |   10277 |    4945 |  32.5 |      32 |      15 |  31.9
     Lair:1 |    3411 |       0 |   0.0 |      14 |       0 |   0.0
     Lair:2 |    6558 |    3553 |  35.1 |      26 |      17 |  39.5
     Lair:3 |    7438 |    2475 |  25.0 |      25 |      14 |  35.9
     Lair:4 |    5003 |       0 |   0.0 |      21 |       0 |   0.0
     Lair:5 |    8904 |    1692 |  16.0 |      22 |       6 |  21.4
     Lair:6 |    7504 |   12706 |  62.9 |      20 |      46 |  69.7
    Swamp:1 |   14573 |       0 |   0.0 |      40 |       0 |   0.0
    Swamp:2 |    5221 |    1326 |  20.3 |      15 |       1 |   6.2
    Swamp:3 |   12716 |       0 |   0.0 |      19 |       0 |   0.0
    Swamp:4 |    7283 |   10997 |  60.2 |      20 |      13 |  39.4
    Snake:1 |   16417 |       0 |   0.0 |      32 |       0 |   0.0
      Orc:1 |    5687 |     418 |   6.8 |      62 |       6 |   8.8
      Orc:2 |       0 |   25908 | 100.0 |       0 |     147 | 100.0
    Ossuary |       0 |     146 | 100.0 |       0 |      16 | 100.0
     Bailey |       0 |    1547 | 100.0 |       0 |      11 | 100.0
            +---------+---------+-------+---------+---------+-------
